AoeStats
← AncientLyre

Arabian Desert

509338367Analyzed
1v1 RM · 7d ago on Sep 26, 2026· 39m 2s· 2 players
Game mode
Random Map
Map size
Tiny (2 player)
Population
200
Speed
Normal
Resources
Standard
Victory
Conquest
Starting age
Dark Age
Ending age
Imperial Age
RankedLock teamsTeams togetherTeam positionsShared explorationLock speedFull tech treeHidden civsTurbo modeCheats
Victory
Defeat
🇩🇪 Danes · Germany
1113
+15
🇬🇧 Varangians · United Kingdom
1096
-15
AncientLyre
7:47 Loom
10:04 Feudal Age
16:22 Castle Age
15:06 Double-Bit Axe
16:19 Gold Mining
16:10 Horse Collar
20:31 Bow Saw
22:54 Bloodlines
24:30 Forging
24:26 Scale Barding Armor
30:44 Iron Casting
32:31 Stone Mining
34:33 Fletching
37:59 Bodkin Arrow
39:02 Heavy Plow
Godking Markus
5:39 Loom
11:38 Feudal Age
12:02 Man-at-Arms
12:39 Double-Bit Axe
16:02 Scale Mail Armor
22:05 Castle Age
24:11 Forging
23:52 Horse Collar
24:32 Bow Saw
25:04 Heavy Plow
34:21 Chain Mail Armor
38:26 Fletching
41:08 Imperial Age
Connection lost

Rejoining the realm…

Still unreachable

The connection could not be restored.

Session expired

The server has moved on; the page needs a fresh start.